AoeStats
← ThePimPim

Black Forest

504039574Analyzed
3v3 RM · 28d ago on Sep 3, 2026· 50m 49s· 6 players
Game mode
Random Map
Map size
Normal (6 player)
Population
200
Speed
Normal
Resources
Standard
Victory
Conquest
Starting age
Dark Age
Ending age
Imperial Age
RankedLock teamsTeams togetherTeam positionsShared explorationLock speedFull tech treeHidden civsTurbo modeCheats
Victory
Defeat
🇪🇸 Magyars · Spain
853
+13
🇪🇸 Berbers · Spain
821
+14
🇪🇸 Bohemians · Spain
788
+16
🇪🇸 Spanish · Spain
839
-17
🇪🇸 Goths · Spain
783
-37
🇪🇸 Burgundians · Spain
737
-12
migueltejera
0:26 Loom
12:11 Feudal Age
13:44 Double-Bit Axe
14:39 Horse Collar
21:17 Castle Age
21:19 Stone Mining
21:20 Gold Mining
22:34 Bow Saw
23:00 Heavy Plow
25:03 Wheelbarrow
26:24 Caravan
27:54 Scale Mail Armor
29:09 Stone Shaft Mining
33:37 Imperial Age
31:49 Ballistics
32:06 Hand Cart
33:32 Scale Barding Armor
33:28 Padded Archer Armor
33:19 Fletching
33:45 Chain Mail Armor
33:40 Forging
34:06 Fortified Wall
33:52 Murder Holes
35:03 Supremacy
35:20 Hoardings
35:08 Guilds
35:32 Coinage
35:32 Elite Conquistador
37:41 Plate Mail Armor
37:27 Leather Archer Armor
37:07 Bodkin Arrow
37:48 Iron Casting
39:04 Chain Barding Armor
39:15 Pikeman
40:05 Squires
40:05 Halberdier
40:32 Gambesons
40:57 Inquisition
40:28 Sappers
41:18 Conscription
43:18 Plate Barding Armor
43:13 Ring Archer Armor
42:44 Bracer
43:44 Blast Furnace
43:23 Banking
47:21 Onager
ThePimPim
1:00 Loom
13:33 Feudal Age
14:01 Double-Bit Axe
14:00 Horse Collar
15:05 Wheelbarrow
22:27 Gold Mining
22:28 Stone Mining
25:46 Castle Age
25:29 Scale Mail Armor
25:30 Padded Archer Armor
25:42 Forging
26:40 Bow Saw
26:34 Heavy Plow
29:21 Stone Shaft Mining
34:41 Leather Archer Armor
34:42 Chain Mail Armor
35:03 Iron Casting
34:45 Masonry
34:31 Murder Holes
34:27 Heated Shot
34:55 Pikeman
35:38 Squires
36:41 Hand Cart
40:09 Imperial Age
43:30 Elite Huskarl
45:43 Anarchy
45:44 Perfusion
Pitroque
0:32 Loom
12:01 Feudal Age
10:45 Horse Collar
11:08 Double-Bit Axe
12:23 Wheelbarrow
14:15 Bow Saw
14:06 Heavy Plow
18:09 Gold Mining
19:50 Hand Cart
20:36 Gold Shaft Mining
23:51 Castle Age
23:04 Stone Mining
25:22 Stone Shaft Mining
25:54 Two-Man Saw
25:27 Crop Rotation
32:21 Caravan
35:44 Imperial Age
34:12 Fortified Wall
35:09 Scale Barding Armor
35:16 Forging
35:50 Murder Holes
36:17 Ballistics
36:38 Burgundian Vineyards
39:33 Chemistry
37:55 Onager
39:54 Iron Casting
39:09 Elite Coustillier
43:00 Conscription
Che Guevara
4:46 Loom
12:59 Feudal Age
16:39 Stone Mining
19:01 Castle Age
17:21 Gold Mining
19:56 Double-Bit Axe
20:54 Bow Saw
23:07 Stone Shaft Mining
23:12 Gold Shaft Mining
24:40 Fletching
24:55 Padded Archer Armor
25:54 Horse Collar
31:34 Imperial Age
30:47 Bodkin Arrow
31:07 Leather Archer Armor
31:41 Elite Camel Archer
32:58 Conscription
34:31 Ballistics
35:11 Chemistry
35:56 Kasbah
40:09 Heavy Plow
40:21 Bracer
40:51 Ring Archer Armor
41:38 Bloodlines
41:29 Husbandry
40:56 Cavalier
IMANOL
6:38 Loom
11:46 Feudal Age
15:41 Double-Bit Axe
19:16 Castle Age
19:37 Wheelbarrow
27:50 Treadmill Crane
29:21 Chemistry
28:53 Ballistics
29:17 Bow Saw
30:53 Hand Cart
32:50 Wagenburg Tactics
36:23 Imperial Age
37:10 Onager
39:04 Siege Engineers
39:28 Elite Hussite Wagon
40:15 Hussite Reforms
40:34 Conscription
40:48 Elite Hussite Wagon
Wolsitto
3:13 Loom
11:18 Feudal Age
11:57 Double-Bit Axe
14:32 Horse Collar
16:19 Stone Mining
18:32 Castle Age
19:32 Wheelbarrow
22:02 Scale Barding Armor
22:52 Bow Saw
22:49 Gold Mining
23:06 Heavy Plow
27:01 Hand Cart
27:48 Corvinian Army
30:04 Bloodlines
29:55 Husbandry
30:19 Chain Barding Armor
30:02 Padded Archer Armor
29:53 Fletching
30:56 Gold Shaft Mining
35:03 Imperial Age
34:02 Town Watch
35:11 Elite Magyar Huszar
36:12 Conscription
35:53 Recurve Bow
36:15 Thumb Ring
36:55 Parthian Tactics
35:51 Heavy Cavalry Archer
37:11 Plate Barding Armor
36:37 Padded Archer Armor
36:28 Fletching
36:06 Onager
39:55 Leather Archer Armor
39:35 Bodkin Arrow
40:05 Ballistics
40:46 Chemistry
40:31 Light Cavalry
Connection lost

Rejoining the realm…

Still unreachable

The connection could not be restored.

Session expired

The server has moved on; the page needs a fresh start.